 Dungeon Crawl Stone Soup version 0.18-a0-1805-g8ab820f (webtiles) character file.

1148 warlockg3 the Blocker (level 8, 0/48 HPs)
             Began as a Gargoyle Fighter on Apr 26, 2016.
             Slain by an orc warrior
             ... wielding a +0 flail
              (6 damage)
             ... on level 6 of the Dungeon.
             The game lasted 01:39:52 (5585 turns).

warlockg3 the Blocker (Gargoyle Fighter)            Turns: 5585, Time: 01:39:53

Health: 0/48       AC: 17    Str: 27    XL:     8   Next: 38%
Magic:  8/8        EV:  6    Int:  9    God:
Gold:   317        SH: 14    Dex:  9    Spells: 0 memorised, 7 levels left

rFire  . . .     SeeInvis .     C - +0 morningstar
rCold  . . .     Gourm    .     l - +0 plate armour
rNeg   + + .     Faith    .     c - +0 shield
rPois  ∞         Spirit   .     (no helmet)
rElec  +         Dismiss  .     (no cloak)
rCorr  .         Reflect  +     (no gloves)
SustAt .         Harm     .     (no boots)
MR     .....                    q - +3 amulet of reflection
Stlth  ..........               D - ring of positive energy
                                w - ring of flight

@: mighty, not resistant to hostile enchantments, extremely unstealthy
A: negative energy resistance 1, electricity resistance, unbreathing,
petrification resistance, rot immunity, AC +5
a: Evoke Flight


You were on level 6 of the Dungeon.
You were very hungry.

You visited 1 branch of the dungeon, and saw 6 of its levels.
You also visited: Sewer.

You collected 317 gold pieces.

Inventory:

Hand Weapons
 a - a +0 flail
 C - a +0 morningstar (weapon)
Armour
 b - a +0 scale mail
 c - a +0 shield (worn)
 l - a +0 plate armour (worn)
Rods
 z - a +0 rod of shadows (10/10)
   (You found it on level 3 of the Dungeon)
Jewellery
 q - a +3 amulet of reflection (around neck)
 u - an uncursed amulet of the gourmand
 w - a ring of flight (left hand)
 D - a ring of positive energy (right hand)
 E - an uncursed ring of magical power
 H - a -3 ring of strength
Wands
 h - a wand of random effects (36/48)
 v - a wand of random effects (29/48)
 y - a wand of confusion (21/48)
Scrolls
 i - a scroll of blinking
 k - 2 scrolls of remove curse
 n - a scroll of enchant weapon {unknown}
 p - 4 scrolls of identify {unknown}
 r - a scroll of recharging {unknown}
 B - a scroll of noise {unknown}
Potions
 d - a potion of might
 e - a potion of heal wounds {unknown}
 g - a potion of magic {unknown}
 s - 2 potions of flight {unknown}
 t - a potion of berserk rage {unknown}
 x - 2 potions of haste {unknown}
 G - a potion of ambrosia {unknown}
Comestibles
 f - 8 bread rations
 j - 2 beef jerkies
 m - 4 fruits
 A - a meat ration
 F - a royal jelly


   Skills:
 + Level 4.6 Fighting
 + Level 4.0 Maces & Flails
 + Level 5.4 Armour
 + Level 1.7 Dodging
 + Level 8.4 Shields


You had 7 spell levels left.
You didn't know any spells.

Dungeon Overview and Level Annotations

Branches:
Dungeon (6/15)
 Temple: D:4-7

Altars:
Dithmenos
Okawaru


Innate Abilities, Weirdness & Mutations

You are resistant to torment.
Your stone body is resilient (AC +5).
You are immune to poison.
You resist negative energy.
You are resistant to electric shocks.
You can survive without breathing.
You are immune to petrification.
You are immune to rotting.


Message History

The orc warrior's wounds heal themselves!
You barely miss the orc priest. You block the orc warrior's attack.
You block the orc priest's attack.
You barely miss the orc priest. The orc warrior hits you with a flail.
* * * LOW HITPOINT WARNING * * *
You block the orc priest's attack.
You barely miss the orc priest.
You are feeling very hungry.
You block the orc warrior's attack.
The orc priest hits you but does no damage.
You block the orc warrior's attack.
The orc priest hits you but does no damage.
You closely miss the orc priest. You block the orc priest's attack.
You block the orc warrior's attack.
You closely miss the orc priest.
The orc priest invokes the aid of Beogh against you.
Pain shoots through your body!
* * * LOW HITPOINT WARNING * * *
The orc warrior hits you with a flail.
You die...

#.. #.# #.#
#.# #<#
##.#######
#.........
#.o#######
#o@# #..#
#.######†)#
#.......).#
#######..##
#.## #.#
#.# #.#


You could see an orc warrior and an orc priest.

Vanquished Creatures
  The ghost of Yehuk the Ducker, an amateur DsMo (Sewer)
  An ogre (D:4)
  3 big kobolds (Sewer)
  A scorpion (D:4)
  A howler monkey (D:4)
  A crimson imp (D:5)
  A giant frog zombie (D:4)
  2 hounds
  An orc priest (D:6)
  A centaur skeleton (D:5)
  A giant frog skeleton (D:5)
  Ijyb (D:3)
  Natasha (thrice) (D:4)
  An iguana (D:4)
  A hound skeleton (D:4)
  4 gnolls (D:4)
  10 adders
  2 river rats (Sewer)
  4 oozes
  6 worms
  2 dart slugs (D:2)
  4 giant geckos
  6 orcs
  4 ball pythons
  6 bats
  8 giant cockroaches
  5 goblins
  7 hobgoblins
  9 jackals
  12 kobolds
  2 quokkas
  6 giant newts
  11 rats
128 creatures vanquished.

Notes
Turn   | Place    | Note
--------------------------------------------------------------
     0 | D:1      | warlockg3 the Gargoyle Fighter began the quest for the Orb.
     0 | D:1      | Reached XP level 1. HP: 14/14 MP: 1/1
   542 | D:1      | Reached XP level 2. HP: 19/19 MP: 2/2
   901 | D:1      | Reached XP level 3. HP: 23/23 MP: 3/3
  1344 | D:2      | Reached skill level 4 in Shields
  1487 | D:2      | Reached XP level 4. HP: 28/28 MP: 4/4
  1518 | D:2      | Found a faded altar to an unknown god.
  2017 | D:3      | Noticed Ijyb
  2019 | D:3      | Found a glowing drain.
  2093 | D:3      | Killed Ijyb
  2106 | D:3      | Reached XP level 5. HP: 25/32 MP: 5/5
  2109 | Sewer    | Entered a sewer
  2111 | Sewer    | Noticed Yehuk's ghost (amateur DsMo)
  2161 | Sewer    | Killed Yehuk's ghost
  2161 | Sewer    | Reached skill level 1 in Dodging
  2161 | Sewer    | Reached skill level 5 in Shields
  2161 | Sewer    | Reached XP level 6. HP: 7/38 MP: 6/6
  2511 | Sewer    | Reached skill level 6 in Shields
  3098 | Sewer    | Reached XP level 7. HP: 40/43 MP: 7/7
  3147 | Sewer    | Reached skill level 7 in Shields
  4283 | D:4      | Reached skill level 5 in Armour
  4288 | D:4      | Found a shadowy altar of Dithmenos.
  4292 | D:4      | Noticed Natasha
  4299 | D:4      | Killed Natasha
  4367 | D:4      | Noticed Natasha
  4667 | D:4      | Reached XP level 8. HP: 47/48 MP: 8/8
  4736 | D:4      | Killed Natasha
  4859 | D:4      | Noticed Natasha
  4877 | D:4      | Killed Natasha
  4877 | D:4      | Reached skill level 8 in Shields
  4977 | D:5      | Entered Level 5 of the Dungeon
  5358 | D:5      | Found an iron altar of Okawaru.
  5585 | D:6      | Slain by an orc warrior

Vault maps used:
D:1:      dpeg_arrival_circle_labyrinth_c, minivault_4
D:2:      ecumenical_altar_2
D:3:      portal_sewer_entry_d, small_statue_alley_b,
          minmay_misc_feat_more_columns, serial_bayou_pond_e, uniq_iyjb
D:4:      grunt_dithmenos_smoke, first_bread, uniq_natasha
D:5:      nicolae_overflow_hidden_temple, serial_corexii_hall,
          corexii_hall_statues_x, corexii_hall_statues_i, corexii_hall_statues_l
D:6:      lemuel_doored_altar
Sewer:    sewer_co_tree

Skill      XL: |  1  2  3  4  5  6  7  8 |
---------------+-------------------------+-----
Shields        | 4 5 6 7 8 |  8.4
Armour         | 4 5 |  5.4
Dodging        | 1 |  1.7
Fighting       | 4 |  4.6
Maces & Flails | 3 4 |  4.0

Action                   |  1- 3 |  4- 6 |  7- 9 || total
-------------------------+-------+-------+-------++-------
Melee: Flail             |   165 |   501 |   160 ||   826
       Morningstar       |       |       |   218 ||   218
  Use: Potion            |       |     4 |     4 ||     8
       Scroll            |       |     1 |     3 ||     4
  Eat: Bread ration      |       |     2 |     2 ||     4
Armor: Scale mail        |   118 |       |       ||   118
       Plate armour      |    34 |   332 |   205 ||   571
       Skin              |       |    15 |       ||    15
Dodge: Dodged            |    69 |    69 |    73 ||   211
Block: Shield            |   105 |   436 |   318 ||   859
       Reflection        |       |     4 |     3 ||     7
